 Dungeon Sprint DCSS version 0.20.0-15-g7f486f2 (console) character file.

7 sorlin the Conjurer (level 1, 0/10 HPs)
             Began as a Deep Elf Fire Elementalist on July 3, 2017.
             Slain by a human (9 damage)
             ... in the Dungeon (Sprint III: "The Ten Rune Challenge").
             The game lasted 00:00:57 (80 turns).

sorlin the Conjurer (Deep Elf Fire Elementalist)      Turns: 80, Time: 00:00:58

Health: 0/10       AC:  2    Str:  5    XL:     1   Next: 83%
Magic:  1/6        EV: 13    Int: 19    God:
Gold:   9          SH:  0    Dex: 15    Spells: 5/6 levels left

rFire    . . .     SeeInvis .   (no weapon)
rCold    . . .     Gourm    .   (no shield)
rNeg     . . .     Faith    .   a - +0 robe
rPois    .         Spirit   .   (no helmet)
rElec    .         Reflect  .   (no cloak)
rCorr    .         Harm     .   (no gloves)
MR       .....     NoTele   +   (no boots)
Stlth    ++........             (no amulet)
Regen    0.1/turn               (no ring)
MPRegen  0.1/turn               (no ring)

@: no status effects
A: no striking features
a: no special abilities


You were in the Dungeon.
You were not hungry.

You visited 1 branch You collected 9 gold pieces.


   Skills:
 - Level 2.4 Dodging
 - Level 2.4 Stealth
 - Level 3.0 Spellcasting
 + Level 4.0 Conjurations
 + Level 3.5 Fire Magic


You had 5 spell levels left.
You knew the following spells:

 Your Spells              Type           Power        Failure   Level  Hunger
a - Flame Tongue          Conj/Fire      ###..        3%          1    None

Inventory:

Armour
 a - a +0 robe (worn)
Scrolls
 i - a scroll of blinking
Potions
 d - a potion of curing
 e - a potion of heal wounds {!q}
 f - a potion of haste {!q}
 g - 2 potions of magic {!q}
 h - a potion of berserk rage {!q}
Books
 b - a book of Flames

   Spells                             Type                      Level
   a - Flame Tongue                   Conjuration/Fire             1
   b - Throw Flame                    Conjuration/Fire             2
   c - Conjure Flame                  Conjuration/Fire             3
   d - Inner Flame                    Hexes/Fire                   3
   e - Sticky Flame                   Conjuration/Fire             4
   f - Fireball                       Conjuration/Fire             5
Comestibles
 c - a bread ration {!e}
 j - 3 chunks of flesh


Message History

j - a chunk of flesh You now have 9 gold pieces.
Found 18 arrows.
A rat comes into view.
You can't see any susceptible monsters within range! (Use Z to cast anyway.) Firing (i - inventory): No suitable missiles.
Aim: a rat (resting)
Okay, then.
Aiming: Flame Tongue
Aim: a rat (resting)
The flame tongue hits the rat.
You kill the rat!
You start resting.
Magic restored.
A rat comes into view.
Aiming: Flame Tongue
Aim: a rat The flame tongue hits the rat.
You kill the rat!
Your Conjurations skill increases to level 4!
You see here a rat corpse.
You butcher the rat corpse.
j - 2 chunks of flesh (gained 1)
You see here a rat skeleton.
You see here a rat corpse.
You butcher the rat corpse.
j - 3 chunks of flesh (gained 1)
A human comes into view.
You can't see any susceptible monsters within range! (Use Z to cast anyway.)
Aiming: Flame Tongue
Aim: a human The flame tongue misses the human.
Aiming: Flame Tongue
Aim: a human The flame tongue hits the human.
The human is moderately wounded.
Aiming: Flame Tongue
Aim: a human (moderately wounded)
The flame tongue misses the human.
The human hits you but does no damage.
Aiming: Flame Tongue
Aim: a human (moderately wounded)
The flame tongue hits the human.
The human is heavily wounded.
The human hits you.
You take 1 damage.
Aiming: Flame Tongue
Aim: a human (heavily wounded)
The flame tongue misses the human.
The human hits you!
Ouch! That really hurt!
You die... █████████

█<..#(..####
█...#......##
█..##.......#
█##.##.##..÷# .▒
##.##.###..# ..▒
█#.####.##@.# ...+
█.###..##.p##
#p..▒ █#.....##..#
#....▒
###..##...##.....▒
##..##....#......▒
#..###..##.# #..#
#.. ###


████ ███ You could see a human.

Vanquished Creatures
  An ooze (D)
  3 rats (D)
4 creatures vanquished.

Notes
Turn   | Place    | Note
-------+----------+-------------------------------------------
     0 | D        | sorlin the Deep Elf Fire Elementalist began the quest for the Orb.
     0 | D        | Reached XP level 1. HP: 10/10 MP: 6/6
     7 | D        | Reached skill level 2 in Conjurations
    11 | D        | Reached skill level 3 in Conjurations
    50 | D        | Reached skill level 4 in Conjurations
    80 | D        | Slain by a human

Vault maps used:
D:        dungeon_sprint_mu

Action                   || total
-------------------------++-------
 Cast: Flame Tongue      ||    10
Armor: Robe              ||     1
Dodge: Dodged            ||     1
